 Dungeon Crawl Stone Soup version 0.26.0-20-g3ca415f5b8 (console) character file.

Game seed: 14981824343697685685

4010 jejorda2 the Severer (level 10, -17/124 HPs)
             Began as a Minotaur Berserker on Jan 25, 2021.
             Was an Elder of Trog.
             Demolished by an orc knight
             ... wielding a +0 trident
              (27 damage)
             ... in a bailey.
             The game lasted 00:27:14 (7322 turns).

jejorda2 the Severer (Minotaur Berserker)           Turns: 7322, Time: 00:27:14

Health: -17/124    AC: 22    Str: 24    XL:     10   Next: 3%
Magic:  9/9        EV:  7    Int:  4    God:    Trog [****..]
Gold:   356        SH:  0    Dex: 11    Spells: 9/9 levels left

rFire    . . .     SeeInvis .   a - +0 battleaxe (drain)
rCold    . . .     Faith    .   (shield currently unavailable)
rNeg     . . .     Spirit   .   r - +0 plate armour
rPois    .         Reflect  .   j - +2 hat
rElec    .         Harm     .   I - scarf {shadows}
rCorr    .         Rampage  .   H - +2 pair of gloves
Will     +++..                  (no boots)
Stlth    ..........             F - amulet of regeneration
HPRegen  1.70/turn              g - ring of willpower
MPRegen  0.11/turn              o - +4 ring of protection

@: berserking, regenerating, very quick
A: retaliatory headbutt, horns 2
a: Renounce Religion, Berserk, Trog's Hand, Brothers in Arms


You were in a bailey.
You worshipped Trog.
Trog was greatly pleased with you.
You visited 1 branch of the dungeon, and saw 9 of its levels.
You also visited: Bailey.

You collected 706 gold pieces.
You spent 350 gold pieces at shops.

Inventory:

Hand Weapons
 a - a +0 battleaxe of draining (weapon)
 p - a +4 executioner's axe of flaming
 x - a +0 morningstar
Missiles
 b - 3 throwing nets
 c - 53 poisoned darts
 y - 7 javelins (quivered)
Armour
 j - a +2 hat (worn)
 r - a +0 plate armour (worn)
 H - a +2 pair of gloves (worn)
 I - a scarf of shadows (worn)
Jewellery
 g - a ring of willpower (left hand)
 o - a +4 ring of protection (right hand)
 q - an uncursed ring of protection from cold
 u - an uncursed ring of ice
 v - an uncursed ring of fire
 F - an amulet of regeneration (around neck)
Wands
 G - a wand of paralysis (4)
Scrolls
 d - a scroll of identify
 f - a scroll of enchant armour
 h - 3 scrolls of remove curse
 i - a scroll of holy word
 t - 5 scrolls of fear
 D - a scroll of teleportation
 J - a scroll of fog
Potions
 e - 2 potions of might
 k - a potion of attraction
 l - 4 potions of magic
 m - a potion of cancellation
 n - 3 potions of haste
 s - 3 potions of resistance
 w - 2 potions of berserk rage
 z - a potion of mutation
 A - a potion of lignification
 B - a potion of ambrosia
 C - 5 potions of curing
 E - 5 potions of heal wounds
 K - a potion of invisibility


   Skills:
 + Level 6.2 Fighting
 * Level 15.0 Axes
 + Level 6.2 Armour
 - Level 2.1 Dodging


You had 9 spell levels left.
You didn't know any spells.
Your spell library was empty.

Dungeon Overview and Level Annotations

Branches:
Dungeon (9/15)             Temple (0/1) D:4          Bailey (1/1)
   Lair: D:8-11         Orc: D:9-12

Altars:
Ashenzari
Cheibriados
Dithmenos
Fedhas
Hepliaklqana
Makhleb
Okawaru

Shops:
D:5 [([[[   D:6 *[:=   D:7 (   D:8 (!}


Innate Abilities, Weirdness & Mutations

You reflexively headbutt those who attack you in melee.
You have a pair of horns on your head.


Message History

The orc warrior hits you from afar with a +0 halberd!
The orc knight completely misses you.
Your two-headed ogre hits the orc warrior with a +0 giant club!!
Your two-headed ogre hits the orc warrior with a cursed +0 giant spiked club!!!
The orc warrior dies!
Trog accepts your kill.
The orc warrior hits you from afar with a +0 halberd!
* * * LOW HITPOINT WARNING * * *
The orc warrior barely misses you.
The orc knight hits your two-headed ogre with a +0 glaive!!!
You see here a +0 spear.
You closely miss the orc knight. You headbutt the orc knight!
The orc knight is lightly wounded.
You barely miss the orc knight. You slash the orc warrior!
You drain the orc warrior. You slash the orc warrior!
The orc hits you but does no damage.
The orc warrior hits you with a +0 halberd!!
* * * LOW HITPOINT WARNING * * *
The orc knight hits you with a +0 trident!!
You die...

#+++++#
##.....##
#.......#
#.......#
#...oo..#
#..)ooo.#
#..oO@o.#
##...)O##
##'''##
#.....#
#.....#
#.....#
#.....#
#.....#
##'''##


You could see 2 orc knights, 3 orc warriors, 2 orcs and 2 friendly two-headed
ogres.

Vanquished Creatures
  A steam dragon (D:8)
  Grum (D:5)
  Menkaure (D:4)
  A water moccasin (D:6)
  A black bear (D:8)
  4 orc warriors (Bailey)
  2 phantoms
  A sky beast (D:6)
  A necrophage (D:5)
  A centaur (D:8)
  Blork the orc (D:4)
  5 gnoll sergeants
  4 bullfrogs
  4 scorpions
  An electric eel (D:8)
  3 howler monkeys (D:9)
  5 wights (D:7)
  A centaur skeleton (D:8)
  An orc priest (D:4)
  11 hounds
  2 jellies (D:5)
  3 bullfrog skeletons
  A gnoll shaman (D:5)
  2 iguanas
  Natasha (thrice) (D:3)
  5 worker ants
  A hound skeleton (D:4)
  A worker ant zombie (D:8)
  26 gnolls
  9 adders
  2 shadow imps
  A white imp (D:6)
  An ufetubus (D:6)
  2 oozes
  3 worms
  2 dart slugs
  A leopard gecko (D:1)
  40 orcs
  3 bats
  4 giant cockroaches
  6 goblins
  7 hobgoblins
  14 jackals
  5 kobolds
  3 quokkas
  3 ball pythons
  3 frilled lizards
  A leopard gecko skeleton (D:8)
  A quokka skeleton (D:4)
  6 rats
211 creatures vanquished.

Vanquished Creatures (collateral kills)
  2 orc warriors (Bailey)
  5 orcs (Bailey)
7 creatures vanquished.

Vanquished Creatures (others)
  7 plants (D:8)
7 creatures vanquished.

Grand Total: 225 creatures vanquished

Notes
Turn   | Place    | Note
-------+----------+-------------------------------------------
     0 | D:1      | jejorda2 the Minotaur Berserker began the quest for the
                  | Orb.
     0 | D:1      | Reached XP level 1. HP: 19/19 MP: 0/0
     9 | D:1      | Noticed an electric eel
   218 | D:1      | Reached skill level 4 in Axes
   233 | D:1      | Reached XP level 2. HP: 24/27 MP: 1/1
   637 | D:2      | Found a snail-covered altar of Cheibriados.
   638 | D:2      | Found a burning altar of Makhleb.
   759 | D:2      | Reached XP level 3. HP: 30/33 MP: 2/2
  1404 | D:3      | Reached XP level 4. HP: 40/40 MP: 3/3
  1408 | D:3      | Reached ** piety under Trog
  1416 | D:3      | Reached skill level 5 in Axes
  1687 | D:3      | Reached XP level 5. HP: 47/47 MP: 4/4
  1855 | D:4      | Found a staircase to the Ecumenical Temple.
  1890 | D:4      | Noticed Natasha
  1943 | D:3      | Killed Natasha
  1955 | D:3      | Noticed Natasha
  1962 | D:3      | Killed Natasha
  2047 | D:3      | Noticed Natasha
  2056 | D:3      | Killed Natasha
  2057 | D:3      | Reached skill level 6 in Axes
  2094 | D:4      | Noticed Menkaure
  2103 | D:4      | Killed Menkaure
  2104 | D:4      | Reached skill level 5 in Fighting
  2104 | D:4      | Reached XP level 6. HP: 41/56 MP: 5/5
  2281 | D:4      | Reached skill level 7 in Axes
  2420 | D:4      | Reached skill level 5 in Armour
  2472 | D:4      | Noticed Blork the orc
  2481 | D:4      | Killed Blork the orc
  2482 | D:4      | Reached XP level 7. HP: 61/62 MP: 6/6
  2582 | D:4      | Reached *** piety under Trog
  2986 | D:4      | Reached skill level 8 in Axes
  3092 | D:5      | Entered Level 5 of the Dungeon
  3092 | D:5      | Found Cunarph's Antique Armour Boutique.
  3104 | D:5      | Bought a pair of gloves for 90 gold pieces
  3241 | D:5      | Found Duceuss's Antique Armour Shoppe.
  3241 | D:5      | Found Bieriv's Armour Boutique.
  3252 | D:5      | Found Hasicvapn's Antique Weapon Shop.
  3290 | D:5      | Reached skill level 9 in Axes
  3301 | D:5      | Reached XP level 8. HP: 70/70 MP: 7/7
  3848 | D:5      | Reached skill level 10 in Axes
  4145 | D:5      | Reached skill level 11 in Axes
  4336 | D:5      | Noticed Grum
  4348 | D:5      | Killed Grum
  4483 | D:5      | Found Fukk's Armour Emporium.
  4706 | D:5      | Bought an embroidered hat for 182 gold pieces
  4756 | D:6      | Reached skill level 12 in Axes
  4886 | D:6      | Found Jub Mocs's Jewellery Boutique.
  5009 | D:6      | Reached XP level 9. HP: 75/75 MP: 8/8
  5351 | D:6      | Found Wycishen's General Store.
  5403 | D:6      | Found Saum Lem's Armour Emporium.
  5404 | D:6      | Found Lonaus's Book Shop.
  5538 | D:7      | Found Nymethrasi's Weapon Boutique.
  5609 | D:7      | Reached **** piety under Trog
  5710 | D:7      | Found an iron altar of Okawaru.
  5885 | D:7      | Reached skill level 13 in Axes
  6458 | D:8      | Found Wiqyost's Antique Weapon Emporium.
  6550 | D:8      | Found a blossoming altar of Fedhas.
  6550 | D:8      | Found a hazy altar of Hepliaklqana.
  6559 | D:8      | Found a shadowy altar of Dithmenos.
  6625 | D:8      | Found Duinnas's Distillery.
  6632 | D:8      | Bought a potion of curing for 39 gold pieces
  6632 | D:8      | Bought a potion of curing for 39 gold pieces
  6637 | D:8      | Found Ypyuwox's Gadget Shoppe.
  6646 | D:8      | Reached skill level 14 in Axes
  6795 | D:8      | Reached ***** piety under Trog
  7068 | D:9      | Found a broken altar of Ashenzari.
  7116 | D:9      | Found a flagged portal.
  7125 | Bailey   | Entered a bailey
  7140 | Bailey   | Received a gift from Trog
  7225 | Bailey   | Reached XP level 10. HP: 73/83 MP: 9/9
  7313 | Bailey   | Noticed an orc knight
  7314 | Bailey   | Noticed an orc knight
  7317 | Bailey   | Reached skill level 15 in Axes
  7322 | Bailey   | Demolished by an orc knight

Illustrated notes

Levels and vault maps discovered:
D:1:      arrival_aquarium_a, layout_rooms, grunt_decor_cap
D:2:      layout_basic, gammafunk_temple_overflow_pools, kennysheep_potato
D:3:      layout_rooms, minmay_close_crescents
D:4:      layout_gridville, minmay_temple_entry_statues_pillars, minivault_14,
          st_stairs_7, uniq_natasha, uniq_blork_the_orc, uniq_menkaure
D:5:      layout_cave_pools, serial_gnoll_camp, grums_kennel,
          gnoll_camp_huts_moat, gnoll_camp_mini_hut, gnoll_camp_mini_hut,
          serial_shops, shop, nicolae_shop_stone, shop, shop, shop,
          item_on_display_a
D:6:      layout_gridville, serial_shops, shop, shop, shop, shop_fountains
D:7:      layout_cave_pods, serial_shops, nicolae_shop_behind_doors,
          okawaru_trees_2
D:8:      layout_cave_pools, grunt_temple_overflow_open, serial_shops,
          nicolae_shop_overgrown_old_shop, shop, nicolae_shop_crystal,
          minmay_crystal_water, nicolae_benzene_ring
D:9:      minmay_the_grid_triangle_9x9_rhombus_thin_mashed
          [minmay_the_grid_triangle_9x9_zippers_horizontal,
          minmay_the_grid_triangle_9x9_prize_top_heavy,
          minmay_the_grid_triangle_9x9_intruding_spiral,
          minmay_the_grid_triangle_9x9_swiss_cheese], layout_gridville,
          nicolae_overflow_crystal_walls, serial_shops, shop_fountains,
          enter_bailey_6, moated_statue
Bailey:   bailey_polearm_5, bailey

Skill      XL: |  1  2  3  4  5  6  7  8  9 10 |
---------------+-------------------------------+-----
Axes           | 4 5 6 7 9 12 14 15 | 15.0
Fighting       | 4 5 6 |  6.2
Armour         | 3 4 5 6 |  6.2
Dodging        | |  2.1

Action                   |  1- 3 |  4- 6 |  7- 9 | 10-12 || total
-------------------------+-------+-------+-------+-------++-------
Melee: Hand axe          |    94 |   112 |   310 |       ||   516
       Headbutt          |    14 |    25 |    77 |     3 ||   119
       Battleaxe         |       |       |    73 |     8 ||    81
Throw: Dart              |       |       |    25 |       ||    25
       Javelin           |       |       |     5 |       ||     5
Invok: Trog's Hand       |       |     2 |     1 |     1 ||     4
       Berserk           |       |       |     3 |     1 ||     4
       Brothers in Arms  |       |       |     1 |     2 ||     3
  Use: Scroll            |       |       |    27 |     1 ||    28
Armor: Animal skin       |     3 |       |       |       ||     3
       Chain mail        |    40 |    15 |       |       ||    55
       Plate armour      |       |    50 |   263 |     7 ||   320
Dodge: Dodged            |    45 |    27 |   132 |    13 ||   217
